 Dungeon Crawl Stone Soup version 0.30-a0-737-gf23d94013f (webtiles) character file.

Game seed: 8591515273437766118

11393 NinjaNoafa the Blocker (level 11, -13/105 HPs)
             Began as a Troll Fighter on Feb 2, 2023.
             Was a Priest of Wu Jian.
             Killed by an exploding death yak (18 damage)
             ... ignited by their inner flame
             ... on level 1 of the Lair of Beasts.
             The game lasted 00:34:14 (8978 turns).

NinjaNoafa the Blocker (Troll Fighter)              Turns: 8978, Time: 00:34:14

Health: -13/105    AC: 10    Str: 26    XL:     11   Next: 48%
Magic:  10/10      EV: 20    Int:  4    God:    Wu Jian [***...]
Gold:   502        SH: 19    Dex: 13    Spells: 10/10 levels left

rFire   . . .      SeeInvis .      - Unarmed
rCold   . . .      Faith    .    b - +3 kite shield
rNeg    . . .      Spirit   .    p - +0 acid dragon scales
rPois   .          Reflect  +    (helmet restricted)
rElec   .          Harm     .    e - +0 cloak
rCorr   +          Rampage  .    (gloves unavailable)
Will    .....                    (boots unavailable)
Stlth   +                        Q - amulet of reflection
HPRegen 1.17/turn                B - +5 ring of evasion
MPRegen 0.12/turn                K - +5 ring of evasion

@: flying, slowed, very slow
A: large, unfitting armour, claws 3, regeneration 1, shaggy fur 1, tough skin 1
a: Renounce Religion, Wall Jump, Serpent's Lash


You were on level 1 of the Lair of Beasts.
You worshipped Wu Jian.
Wu Jian was most pleased with you.
You visited 3 branches of the dungeon, and saw 12 of its levels.
You also visited: Sewer.

You collected 502 gold pieces.

Inventory:

Hand Weapons
 a - the +7 Throatcutter {drain, coup de grace}
   (You found it on level 4 of the Dungeon)
Missiles
 n - 18 poisoned darts
 w - 3 javelins
 x - 7 boomerangs
 J - 3 atropa-tipped darts
Armour
 b - a +3 kite shield (worn)
 e - a +0 cloak (worn)
 p - +0 acid dragon scales (worn)
Jewellery
 B - a +5 ring of evasion (left claw)
 C - a ring of flight
 K - a +5 ring of evasion (right claw)
 O - a ring of fire
 Q - an amulet of reflection (around neck)
Wands
 z - a wand of flame (10)
 H - a wand of paralysis (11)
 M - a wand of polymorph (6)
Scrolls
 d - 3 scrolls of vulnerability
 f - 2 scrolls of noise {unknown}
 g - 2 scrolls of teleportation
 i - 3 scrolls of immolation
 s - 2 scrolls of summoning {unknown}
 u - 2 scrolls of fog {unknown}
 y - 2 scrolls of fear {unknown}
 A - a scroll of silence {unknown}
 D - 2 scrolls of brand weapon {unknown}
 E - a scroll of amnesia {unknown}
Potions
 h - a potion of degeneration {unknown}
 j - a potion of cancellation {unknown}
 k - 4 potions of curing
 l - 2 potions of attraction
 m - 2 potions of heal wounds
 o - a potion of resistance {unknown}
 q - 2 potions of brilliance
 t - 2 potions of magic {unknown}
 v - 2 potions of ambrosia
 F - 2 potions of invisibility {unknown}
 G - 5 potions of flight
 L - a potion of haste {unknown}
 N - 4 potions of mutation {unknown}
 P - 2 potions of lignification {unknown}
Miscellaneous
 c - a box of beasts (inert)


   Skills:
 - Level 6.0 Fighting
 - Level 3.2 Long Blades
 + Level 5.4 Armour
 - Level 6.0 Dodging
 + Level 9.9 Shields
 + Level 9.7 Unarmed Combat


You had 10 spell levels left.
You didn't know any spells.
Your spell library contained the following spells:

 Spells                   Type           Power      Damage    Failure   Level
 Foxfire                  Conj/Fire      0%         2x1d4     78%         1
 Summon Guardian Golem    Hex/Summ       0%         N/A       98%         3
 Cause Fear               Hex            0%         N/A       100%        4
 Fireball                 Conj/Fire      0%         3d3       100%        5
 Iskenderun's Battlesphe  Conj           0%         2d6       100%        5
 Iron Shot                Conj/Erth      0%         9d1       100%        6
 Starburst                Conj/Fire      0%         6d3       100%        6
 Dragon Form              Tmut           0%         N/A       100%        7
 Orb of Destruction       Conj           0%         9d5       100%        7
 Spellforged Servitor     Conj/Summ      0%         N/A       100%        7
 Dragon's Call            Summ           0%         N/A       100%        9


Dungeon Overview and Level Annotations

Branches:
Dungeon (10/15)            Temple (1/1) D:6            Lair (1/5) D:8
  Sewer (visited)
    Orc: D:9-12

Altars:
Ashenzari
Cheibriados
Dithmenos
Elyvilon
Fedhas
Gozag
Hepliaklqana
Kikubaaqudgha
Makhleb
Nemelex Xobeh
Okawaru
Qazlal
Ru
Sif Muna
Trog
Uskayaw
Vehumet
Wu Jian
Xom
Yredelemnul
Zin
The Shining One

Shops:
D:2 (   D:6 (


Innate Abilities, Weirdness & Mutations

You are too large for most types of armour.
You have claws for hands.
Your natural rate of healing is unusually fast.
You are covered in fur. (AC +1)
You have tough skin. (AC +1)


Message History

Flame seeps out of the cane toad.
Your larval stingbat beast closely misses the cane toad.
The cane toad is engulfed in blazing flames.
Flame seeps out of the cane toad.
You block the cane toad's attack.
You spin and attack the cane toad.
You scratch the cane toad but do no damage.
The cane toad is moderately wounded.
The cane toad is engulfed in blazing flames.
Flame seeps out of the cane toad.
You block the cane toad's attack.
Your larval stingbat beast stings the cane toad but does no damage.
The cane toad is engulfed in blazing flames.
The Council accepts your kill.
The cane toad explodes!
The fiery explosion engulfs the yak!!
Flame seeps out of the yak.
The yak is almost dead.
The fiery explosion engulfs the death yak!!
Flame seeps out of the death yak.
The death yak is moderately wounded.
The fiery explosion engulfs the death yak!!
Flame seeps out of the death yak.
The death yak is severely wounded.
The fiery explosion engulfs you!!
* * * LOW HITPOINT WARNING * * *
The death yak is engulfed in blazing flames.
Flame seeps out of the death yak.
The yak is engulfed in blazing flames.
The Council accepts your kill.
The yak explodes!
The fiery explosion engulfs the death yak!!
The Council accepts your kill.
The fiery explosion engulfs the death yak!!
Flame seeps out of the death yak.
The death yak is almost dead.
The death yak explodes!
The fiery explosion engulfs you!!
* * * LOW HITPOINT WARNING * * *
The fiery explosion engulfs the death yak!
The Council accepts your kill.
The death yak explodes!
The fiery explosion engulfs you!!
You die...

#....Y...##.... ... #P....#
.......Y.Y...... ..... ###....#.
..###....Y...... .... #.....###
..# #.##.Y#.###. ..# #.#....##
..#######...# ##..# .....#...#
...###.###..Y###...##
#....###...
..#.....#..wY.§§§...#.....# #...
..............§°§H.......# ##...
.#...........§§§@.......# ##....
###.#######P#§§####.#### ##....#
# #### #####.## ##....##
#####.###..##..###########....##
..........................#..##
.............................#
........#...................##
##.#######.###.#.#.##.#######
### ### ##########


You could see 3 death yaks, a torpor snail (inner flame) and a friendly larval
stingbat beast (summoned, slow).

Vanquished Creatures
  2 death yaks (Lair:1)
  4 two-headed ogres
  3 cane toads (Lair:1)
  A gargoyle (D:10)
  A komodo dragon (Lair:1)
  A polar bear (Lair:1)
  4 hornets
  Prince Ribbit (D:5)
  Sigmund (D:5)
  A wyvern (D:9)
  14 yaks
  Eustachio (D:4)
  Menkaure (D:5)
  2 steam dragons (D:7)
  A water moccasin (Lair:1)
  2 acid dragons
  Duvessa (D:4)
  4 ice beasts
  An orc warrior (D:9)
  2 black bears
  An ogre (D:4)
  A centaur (D:9)
  Blork the orc (D:5)
  2 phantoms (D:5)
  2 kobold brigands (D:8)
  10 bullfrogs
  A scorpion (D:6)
  6 wights
  Dowan (D:4)
  7 killer bees
  4 howler monkeys
  2 hounds
  2 orc priests (D:5)
  6 iguanas
  Jessica (D:2)
  12 orc wizards
  Ijyb (D:3)
  Robin (D:2)
  8 adders
  4 gnolls (D:3)
  A river rat (D:4)
  A shadow imp (D:7)
  5 white imps
  4 ufetubi
  3 worms
  2 dart slugs
  33 orcs
  6 ball pythons
  3 bats
  5 endoplasms
  9 giant cockroaches
  12 goblins
  7 hobgoblins
  4 jackals (D:1)
  3 quokkas
  5 frilled lizards
  20 kobolds
  3 rats
247 creatures vanquished.

Vanquished Creatures (others)
  A bat (D:3)
  3 fungi (Lair:1)
  5 plants (Lair:1)
9 creatures vanquished.

Grand Total: 256 creatures vanquished

Notes
Turn   | Place    | Note
-------+----------+-------------------------------------------
     0 | D:1      | NinjaNoafa the Troll Fighter began the quest for the Orb.
     0 | D:1      | Reached XP level 1. HP: 22/22 MP: 0/0
    64 | D:1      | Reached XP level 2. HP: 29/29 MP: 1/1
   404 | D:2      | Noticed Robin
   404 | D:2      | Noticed Jessica
   444 | D:2      | Reached XP level 3. HP: 36/36 MP: 2/2
   534 | D:2      | Killed Robin
   548 | D:2      | Reached XP level 4. HP: 44/44 MP: 3/3
   753 | D:2      | Found an opulent altar of Gozag.
   805 | D:2      | Killed Jessica
   894 | D:2      | Found Kugepab's Weapon Emporium.
  1032 | D:3      | Reached XP level 5. HP: 42/50 MP: 4/4
  1057 | D:3      | Found a faded altar of an unknown god.
  1530 | D:3      | Noticed Ijyb
  1565 | D:3      | Killed Ijyb
  1804 | D:4      | Found the +7 Throatcutter {drain, coup de grace}
  1927 | D:4      | Found a glowing silver altar of Zin.
  1963 | D:4      | Noticed Duvessa
  1963 | D:4      | Noticed Dowan
  1990 | D:4      | Killed Duvessa
  1991 | D:4      | Reached XP level 6. HP: 43/59 MP: 2/5
  1991 | D:4      | Killed Dowan
  2111 | D:4      | Reached skill level 5 in Shields
  2281 | D:4      | Found a glowing drain.
  2285 | Sewer    | Entered a sewer
  2349 | Sewer    | Reached XP level 7. HP: 67/67 MP: 6/6
  2361 | Sewer    | Reached skill level 1 in Long Blades
  3001 | D:4      | Noticed Eustachio
  3013 | D:4      | Killed Eustachio
  3087 | D:5      | Entered Level 5 of the Dungeon
  3089 | D:5      | Noticed Menkaure
  3093 | D:5      | Killed Menkaure
  3105 | D:5      | Noticed Prince Ribbit
  3133 | D:5      | Killed Prince Ribbit
  3134 | D:5      | Reached XP level 8. HP: 68/78 MP: 5/7
  3169 | D:5      | Noticed Sigmund
  3173 | D:5      | Noticed Blork the orc
  3612 | D:5      | Killed Blork the orc
  4191 | D:5      | Killed Sigmund
  4256 | D:6      | Reached skill level 5 in Unarmed Combat
  4266 | D:6      | Found Houddol's Weapon Shoppe.
  4429 | D:6      | Found a staircase to the Ecumenical Temple.
  4443 | Temple   | Entered the Ecumenical Temple
  4588 | Temple   | Became a worshipper of the Wu Jian Council
  4656 | D:6      | Reached XP level 9. HP: 56/87 MP: 8/8
  4823 | D:6      | Found a sparkling altar of Nemelex Xobeh.
  4823 | D:6      | Found a shimmering altar of Xom.
  4847 | D:6      | Reached skill level 5 in Fighting
  4848 | D:6      | Reached skill level 5 in Dodging
  5491 | D:7      | Reached * piety under Wu Jian
  6233 | D:8      | Paralysed by a hornet for 1 turns
  6366 | D:8      | Paralysed by a hornet for 1 turns
  6372 | D:7      | Paralysed by a hornet for 3 turns
  6460 | D:7      | Reached XP level 10. HP: 90/98 MP: 9/9
  6483 | D:7      | Reached skill level 1 in Armour
  6533 | D:8      | Found a staircase to the Lair.
  6548 | D:8      | Noticed a two-headed ogre
  6565 | D:8      | Killed a two-headed ogre
  6599 | D:8      | Found a sacrificial altar of Ru.
  6640 | D:8      | Reached ** piety under Wu Jian
  6902 | D:8      | Found a hazy altar of Hepliaklqana.
  7065 | D:9      | Paralysed by a hornet for 3 turns
  7132 | D:9      | Noticed a two-headed ogre
  7132 | D:9      | Noticed a two-headed ogre
  7328 | D:9      | Killed a two-headed ogre
  7416 | D:9      | Noticed a two-headed ogre
  7428 | D:9      | Killed a two-headed ogre
  7535 | D:9      | Found an iron altar of Okawaru.
  7602 | D:9      | Killed a two-headed ogre
  7897 | D:9      | Reached XP level 11. HP: 91/105 MP: 1/10
  8021 | D:10     | Entered Level 10 of the Dungeon
  8649 | Lair:1   | Entered Level 1 of the Lair of Beasts
  8681 | Lair:1   | Reached *** piety under Wu Jian
  8689 | Lair:1   | Reached skill level 5 in Armour
  8930 | Lair:1   | Noticed a death yak
  8930 | Lair:1   | Noticed a death yak
  8930 | Lair:1   | Noticed a death yak
  8930 | Lair:1   | Noticed a death yak
  8934 | Lair:1   | Noticed a death yak
  8935 | Lair:1   | Noticed a death yak
  8978 | Lair:1   | Killed a death yak
  8978 | Lair:1   | HP: 5/105 [spore (32)]
  8978 | Lair:1   | Killed a death yak
  8978 | Lair:1   | Killed by an exploding death yak... ignited by their inner
                  | flame

Illustrated notes

Levels and vault maps discovered:
D:1:      dpeg_arrival_rooms_with_view, layout_rooms
D:2:      layout_rooms, basic_altar, serial_shops,
          nicolae_shop_bloodbath_and_beyond, grunt_ministairs_6,
          minmay_hexomino_u4, uniq_robin, uniq_jessica
D:3:      layout_loops_cross, ebering_ecumenical_altar_abandoned, uniq_ijyb
D:4:      layout_basic, zin_academy, gup_sewer_entry_bowl, minmay_crystal_room,
          dilly_guarded_unrand_throatcut, uniq_duvessa, uniq_eustachio
D:5:      layout_layer_cave, uniq_blork_the_orc, uniq_prince_ribbit1,
          uniq_menkaure, uniq_sigmund
D:6:      layout_basic, chequers_temple_overflow_statue_of_worship,
          minmay_temple_entry_waves, serial_shops, kennysheep_mini
D:7:      cheibrodos_helix_gallery, layout_cave_pods, serial_park,
          serial_park_square2, serial_park_gazebo [serial_park_minivault_5x5_6],
          serial_park_tiny_2, serial_park_tiny_2
D:8:      layout_cave_pools, hangedman_ru_absence,
          nicolae_hepliaklqana_hippocampus, lair_entry_dummy
D:9:      layout_roguey, mainiacjoe_overflow_six_doors_small,
          hangedman_decor_peaks_small, minmay_misc_feat_four_crosses
D:10:     layout_roguey
Temple:   nicolae_temple_bog_church
Lair:1:   layout_concentric_octagons, lemuel_fruit_tree

Skill      XL: |  1  2  3  4  5  6  7  8  9 10 11 |
---------------+----------------------------------+-----
Shields        | 3 4 5 6 7 9 |  9.9
Unarmed Combat | 3 4 5 6 8 9 |  9.7
Fighting       | 3 4 6 |  6.0
Dodging        | 3 4 6 |  6.0
Long Blades    | 2 3 |  3.2
Armour         | 4 5 |  5.4

Action                     |  1- 3 |  4- 6 |  7- 9 | 10-12 || total
---------------------------+-------+-------+-------+-------++-------
  Melee: Unarmed           |    48 |   139 |   271 |   352 ||   810
         Long sword        |       |    35 |    56 |       ||    91
  Throw: Javelin           |       |       |       |     3 ||     3
Ability: Whirlwind         |       |       |    48 |   127 ||   175
         Lunge             |       |       |    14 |    19 ||    33
         Wall Jump         |       |       |       |    30 ||    30
  Evoke: Box of beasts     |       |       |       |     1 ||     1
    Use: Potion            |       |       |     9 |     4 ||    13
         Scroll            |       |       |     8 |     6 ||    14
   Stab: Sleeping          |       |       |     1 |       ||     1
 Armour: Robe              |    19 |    43 |    54 |       ||   116
         Steam dragon scal |       |       |    17 |    14 ||    31
         Acid dragon scale |       |       |       |    23 ||    23
  Dodge: Dodged            |    14 |    72 |   266 |   157 ||   509
  Block: Kite shield       |    15 |    99 |   282 |   196 ||   592
         Reflection        |       |       |       |     7 ||     7

Table legend: (Time is in decaauts)
 A = Elapsed time spent in this place.
 B = Non-inter-level travel time spent in this place.
 C = Inter-level travel time spent in this place.
 D = Time resting spent in this place.
 E = Time spent auto-exploring this place.
 F = Levels seen in this place.
 G = Mean time per level.
                   A        B        C        D        E       F      G
               +--------+--------+--------+--------+--------+-----+--------+
         Total |   9087 |   8369 |    718 |     59 |   6047 |  13 |  699.0 |
       Dungeon |   8111 |   7409 |    702 |     59 |   5437 |  10 |  811.1 |
        Temple |    160 |    145 |     15 |      0 |    132 |   1 |  160.0 |
          Lair |    351 |    351 |      0 |      0 |    188 |   1 |  351.0 |
         Sewer |    464 |    464 |      0 |      0 |    290 |   1 |  464.0 |
               +--------+--------+--------+--------+--------+-----+--------+

Top non-repeatable levels by time:
     D:5: 1203 daAuts
     D:7: 1135 daAuts
     D:9: 1018 daAuts
     D:4: 879 daAuts
     D:6: 831 daAuts
     D:3: 742 daAuts
     D:8: 716 daAuts
     D:2: 588 daAuts
    D:10: 557 daAuts
   Sewer: 464 daAuts
     D:1: 436 daAuts
  Lair:1: 351 daAuts
  Temple: 160 daAuts
